 Dungeon Crawl Stone Soup version 0.31-a0-819-gf6de2f5ab6 (webtiles) character file.

Game seed: 889216764014501927

489 Kurtz the Chopper (level 7, -5/46 HPs)
             Began as an Octopode Fighter on Sept 25, 2023.
             Slain by a lemure (6 damage)
             ... led by Pikel
             ... on level 4 of the Dungeon.
             The game lasted 00:01:35 (2552 turns).

Kurtz the Chopper (Octopode Fighter)                Turns: 2552, Time: 00:01:36

Health: -5/46      AC:  1    Str: 22    XL:     7   Next: 14%
Magic:  0/7        EV: 13    Int: 10    God:
Gold:   137        SH:  4    Dex: 13    Spells: 6/6 levels left

rFire   . . .        a - +0 war axe
rCold   . . .        b - +0 buckler
rNeg    . . .        (helmet restricted)
rPois   .            d - amulet of guardian spirit
rElec   .            i - +6 ring of strength
rCorr   .            (no ring)
SInv    .            (no ring)
Will    .....        (no ring)
Stlth   ++           (no ring)
HPRegen 0.27/turn    (no ring)
MPRegen 0.10/turn    (no ring)
                     (no ring)

%: guardian spirit
@: no status effects
A: almost no armour, amphibious, 8 rings, camouflage 1, gelatinous body 1,
(nimble swimmer 1), tentacles
a: no special abilities


You were on level 4 of the Dungeon.
You visited 1 branch of the dungeon, and saw 4 of its levels.

You collected 137 gold pieces.

Inventory:

Hand Weapons
 a - a +0 war axe (weapon)
Armour
 b - a +0 buckler (worn)
Jewellery
 d - an amulet of guardian spirit (around mantle)
 i - a +6 ring of strength (left tentacle)
Wands
 g - a wand of flame (23)
Scrolls
 c - a scroll of fog {unknown}
 e - 2 scrolls of identify {unknown}
 f - a scroll of noise {unknown}
Potions
 j - a potion of cancellation {unknown}


   Skills:
 - Level 3.0 Fighting
 * Level 7.5 Axes
 - Level 3.0 Dodging
 - Level 3.0 Shields


You had 6 spell levels left.
You didn't know any spells.
Your spell library contained the following spells:

 Spells                   Type           Power      Damage    Failure   Level
 Sandblast                Erth           0%         2d4       43%         1
 Passwall                 Tmut/Erth      0%         N/A       56%         2
 Stone Arrow              Conj/Erth      0%         3d7       80%         3
 Brom's Barrelling Bould  Conj/Erth      0%         2d3       99%         4


Dungeon Overview and Level Annotations

Branches:
Dungeon (4/15)
 Temple: D:4-7

Altars:
Sif Muna
Wu Jian
Xom
The Shining One

Annotations:
D:4 Pikel


Innate Abilities, Weirdness & Mutations

You cannot wear most types of armour.
You are amphibious.
You can wear up to eight rings at the same time.
Your skin changes colour to match your surroundings (Stealth+).
Your rubbery body absorbs attacks. (AC +1, EV +1)
((You are camouflaged when in or above water. (Stealth+)))
You have tentacles for arms and can constrict up to eight enemies at once.


Message History

Pikel and a lemure come into view.
Pikel is wielding a +2 whip of electrocution and carrying a wand of flame.
The lemure shouts!
Unknown command.
Found 12 gold pieces.
Pikel shouts!
The lemure shouts! x2; You hear a shout!
A lemure comes into view.
The goblin shouts!
Unknown command.
You barely miss the lemure. Your grab misses the lemure.
You closely miss the goblin. The goblin misses you.
The lemure completely misses you.
Unknown command.
You barely miss the lemure. You grab the lemure. You miss the goblin.
You constrict the lemure. The lemure hits you. The goblin barely misses you.
Unknown command.
Unknown command.
You slash Pikel! Your grab misses Pikel.
Pikel is lightly wounded.
You slash the lemure! You hit the goblin.
You kill the goblin!
You constrict the lemure.
Pikel hits you with a +2 whip of electrocution!
You are electrocuted!
The lemure struggles to escape constriction.
You closely miss Pikel. Your grab misses Pikel. Your squeeze misses Pikel.
Pikel is lightly wounded.
You slash the lemure! You closely miss the lemure. You hit the lemure.
You constrict the lemure.
You kill the lemure!
That felt strangely unrewarding.
The lemure barely misses you. x2
Pikel hits you with a +2 whip of electrocution!
* * * LOW HITPOINT WARNING * * *
You are electrocuted!
* * * LOW HITPOINT WARNING * * *
You slash Pikel! Your grab misses Pikel.
Pikel is heavily wounded.
You hit the lemure. You barely miss the lemure. You closely miss the lemure.
The lemure completely misses you. The lemure hits you!
You die...

#..###..#.......
..... #......# ..
#.... ##.....##...#
...#. #..........#
####...###..#.###..#
........####...#
..#..#.......###
#....#..........
##.....5@.##....
..##...K55# ... .
#......# #.......
.........[
.....##..... .....
#.$.... .....
.......#


You could see Pikel and 3 lemures.

Vanquished Creatures
  Grinder (D:3)
  A lemure (D:4)
  A phantom (D:4)
  A scorpion (D:4)
  A hound (D:4)
  An orc priest (D:4)
  5 adders
  A dart slug (D:2)
  4 orcs
  4 ball pythons
  5 endoplasms
  A giant cockroach (D:2)
  5 goblins
  7 hobgoblins
  3 quokkas
  5 bats
  2 frilled lizards
  10 kobolds
  2 rats
60 creatures vanquished.

Vanquished Creatures (others)
  An orc wizard (D:4)
  An adder (D:4)
  An endoplasm (D:4)
  A goblin (D:4)
4 creatures vanquished.

Grand Total: 64 creatures vanquished

Notes
Turn   | Place    | Note
-------+----------+-------------------------------------------
     0 | D:1      | Kurtz the Octopode Fighter began the quest for the Orb.
     0 | D:1      | Reached XP level 1. HP: 16/16 MP: 1/1
   175 | D:1      | Reached XP level 2. HP: 21/21 MP: 2/2
   309 | D:1      | Reached skill level 3 in Axes
   398 | D:1      | You fall into a shaft and drop 1 floor!
   778 | D:2      | Reached XP level 3. HP: 26/26 MP: 3/3
   952 | D:2      | Identified the orb of Youthful Indiscretion {*channel,
                  | +Blink rC+}
  1154 | D:2      | Reached skill level 4 in Axes
  1602 | D:2      | Reached XP level 4. HP: 18/31 MP: 2/4
  2042 | D:3      | Noticed Grinder
  2049 | D:3      | Killed Grinder
  2050 | D:3      | Reached skill level 6 in Axes
  2050 | D:3      | Reached XP level 5. HP: 23/36 MP: 0/5
  2050 | D:3      | Reached XP level 6. HP: 27/42 MP: 0/6
  2242 | D:3      | Found a shimmering blue altar of Sif Muna.
  2242 | D:3      | Found an ornate altar of the Wu Jian Council.
  2243 | D:3      | Found a glowing golden altar of the Shining One.
  2479 | D:4      | Found a shimmering altar of Xom.
  2489 | D:4      | Reached skill level 7 in Axes
  2491 | D:4      | Reached XP level 7. HP: 16/46 MP: 4/7
  2545 | D:4      | Noticed Pikel
  2551 | D:4      | HP: 1/46 [Pikel/+2 whip of electrocution (8)]
  2552 | D:4      | Slain by a lemure

Illustrated notes

Levels and vault maps discovered:
D:1:      dpeg_arrival_shelter, layout_loops_corners, basic_ecumenical_altar
D:2:      layout_basic, hangedman_decor_riveting, grunt_ministairs_1,
          nicolae_figureground_sparkle
D:3:      layout_rooms, grunt_temple_overflow_open, uniq_grinder
D:4:      layout_cave_pools, grunt_temple_overflow_lords_of_destruction,
          xom_confusion_cloud, gammafunk_ghost_arena, gup_sewer_entry_glass,
          uniq_pikel

Skill      XL: |  1  2  3  4  5  6 |
---------------+-------------------+-----
Axes           | 3 4 6 7 |  7.5
Fighting       | |  3.0
Dodging        | |  3.0
Shields        | |  3.0

Action                     |  1- 3 |  4- 6 |  7- 9 || total
---------------------------+-------+-------+-------++-------
  Melee: War axe           |    68 |    44 |    13 ||   125
         Constrict         |    15 |    10 |     2 ||    27
         Tentacles         |    13 |    10 |     1 ||    24
         Punch             |       |     1 |       ||     1
    Use: Potion            |       |     2 |     1 ||     3
   Stab: Sleeping          |     9 |       |       ||     9
 Armour: Skin              |    31 |    19 |     8 ||    58
  Dodge: Dodged            |    38 |    29 |    10 ||    77
  Block: Buckler           |    13 |     7 |     4 ||    24

Table legend: (Time is in decaauts)
 A = Elapsed time spent in this place.
 B = Non-inter-level travel time spent in this place.
 C = Inter-level travel time spent in this place.
 D = Time resting spent in this place.
 E = Time spent auto-exploring this place.
 F = Levels seen in this place.
 G = Mean time per level.
                   A        B        C        D        E       F      G
               +--------+--------+--------+--------+--------+-----+--------+
         Total |   2589 |   2556 |     33 |    552 |   1546 |   4 |  647.2 |
       Dungeon |   2589 |   2556 |     33 |    552 |   1546 |   4 |  647.2 |
               +--------+--------+--------+--------+--------+-----+--------+

Top non-repeatable levels by time:
     D:2: 1579 daAuts
     D:3: 492 daAuts
     D:1: 406 daAuts
     D:4: 111 daAuts
